 Dungeon Sprint DCSS version 0.18.1-8-gdd0e5ea (webtiles) character file.

550 Hipnos the Martial Artist (level 7, -7/62 HPs)
             Began as a Merfolk Transmuter on May 21, 2016.
             Was a Follower of Sif Muna.
             Mangled by Sonja
             ... wielding a +0 short sword of distortion
              (21 damage)
             ... in the Dungeon (Sprint I: "Red Sonja").
             The game lasted 00:03:58 (1148 turns).

Hipnos the Martial Artist (Merfolk Transmuter)      Turns: 1148, Time: 00:03:58

Health: -7/62      AC:  6    Str: 12    XL:     7   Next: 29%
Magic:  12/15      EV: 13    Int: 13    God:    Sif Muna [*.....]
Gold:   420        SH:  0    Dex: 14    Spells: 5 memorised, 2 levels left

rFire  x . .     SeeInvis .       - Unarmed
rCold  + + +     Gourm    .     (armour currently unavailable)
rNeg   . . .     Faith    .     (shield currently unavailable)
rPois  +         Spirit   .     (helmet currently unavailable)
rElec  .         Dismiss  .     (cloak currently unavailable)
rCorr  .         Reflect  .     (gloves currently unavailable)
SustAt .         Harm     .     (boots currently unavailable)
MR     .....     NoTele   +     (no amulet)
Stlth  +.........               (no ring)
                                (no ring)

@: ice-form, not resistant to hostile enchantments, very unstealthy
A: (change form in water), (swift swim)
a: End Transformation, Channel Energy, Renounce Religion


You were in the Dungeon.
You worshipped Sif Muna.
Sif Muna was aware of your devotion.
You were not hungry.
You were a creature of crystalline ice.
You visited 1 branch You collected 420 gold pieces.

Inventory:

Missiles
 a - 22 arrows
Armour
 b - a +0 robe (melded)
Wands
 i - a wand of digging (15/24)
Scrolls
 j - a scroll of blinking
Potions
 g - a potion of haste
 h - 2 potions of magic
 k - 2 potions of brilliance {unknown}
Books
 c - a book of Changes

   Spells                             Type                      Level
   a - Beastly Appendage              Transmutation                1
   b - Sticks to Snakes               Transmutation                2
   c - Spider Form                    Transmutation/Poison         3
   d - Ice Form                       Ice/Transmutation            4
   e - Blade Hands                    Transmutation                5
Comestibles
 d - a bread ration


   Skills:
 + Level 3.4 Fighting
 + Level 6.6 Dodging
 * Level 11.7 Unarmed Combat
 + Level 5.6 Spellcasting
 * Level 10.2 Transmutations


You had 2 spell levels left.
You knew the following spells:

 Your Spells              Type           Power        Failure   Level  Hunger
a - Beastly Appendage     Trmt           ####..       1%          1    None
b - Sticks to Snakes      Trmt           ####....     1%          2    ##.....
c - Spider Form           Trmt/Pois      ###.......   8%          3    ###....
d - Ice Form              Ice/Trmt       ###.....     21%         4    ####...
e - Blade Hands           Trmt           ####......   10%         5    ######.


Dungeon Overview and Level Annotations

Branches:
Dungeon (1/1)

Altars:
Cheibriados
Dithmenos
Elyvilon
Fedhas
Gozag
Kikubaaqudgha
Makhleb
Nemelex Xobeh
Okawaru
Pakellas
Qazlal
Ru
Sif Muna
Trog
Vehumet
Xom
Yredelemnul
Zin
The Shining One
Jiyva

Shops:
D !

Annotations:
D Sonja


Message History

There is an open door here.
You barely miss Sonja. Sonja barely misses you.
Sonja hits you with an uncursed short sword of distortion.
Space bends around you. Sonja barely misses you.
You closely miss Sonja. Sonja hits you but does no damage.
You feel a strange sense of stasis. Sonja hits you but does no damage.
Space bends around you. Sonja barely misses you.
You barely miss Sonja. Sonja closely misses you. x2
Sonja completely misses you.
You completely miss Sonja.
Sonja hits you with an uncursed short sword of distortion!
You feel a strange sense of stasis. Sonja barely misses you.
Sonja hits you but does no damage. Space warps horribly around you!
* * * LOW HITPOINT WARNING * * *
Drink which item? (? for menu, Esc to quit)
You feel better. Sonja completely misses you. Sonja closely misses you.
Sonja hits you with an uncursed short sword of distortion.
* * * LOW HITPOINT WARNING * * *
Space warps horribly around you!
You die...

#<.#..'..#.)'..#__#..+
#..').#..'..#..'^.'..#
#..#####'#####'#__####
#).####..#...#.####
#..#__####..##.#
#..#_.___##'#..+
#⌠⌠#_.∩...'.(._#
####_..._##_.#'#
#_____###Y#.# #######
#K### $.$ #$.$# ##.##
#+#


You could see Sonja.

Vanquished Creatures
  A slime creature (D)
  Sigmund (D)
  A yak (D)
  An ogre (D)
  A jelly (D)
  Ijyb (D)
6 creatures vanquished.

Notes
Turn   | Place    | Note
--------------------------------------------------------------
     0 | D        | Hipnos the Merfolk Transmuter began the quest for the Orb.
     0 | D        | Reached XP level 1. HP: 15/15 MP: 3/3
     3 | D        | Noticed Ijyb
    17 | D        | Killed Ijyb
    17 | D        | Reached skill level 5 in Unarmed Combat
    17 | D        | Reached XP level 2. HP: 7/22 MP: 2/5
    17 | D        | Reached XP level 3. HP: 8/27 MP: 2/7
    50 | D        | Learned a level 2 spell: Sticks to Snakes
    54 | D        | Learned a level 3 spell: Spider Form
   245 | D        | Noticed an ogre
   261 | D        | Killed an ogre
   261 | D        | Reached skill level 7 in Unarmed Combat
   261 | D        | Reached skill level 5 in Transmutations
   261 | D        | Reached XP level 4. HP: 6/33 MP: 0/8
   601 | D        | Noticed Sigmund
   612 | D        | Killed Sigmund
   612 | D        | Reached skill level 5 in Dodging
   612 | D        | Reached skill level 9 in Unarmed Combat
   612 | D        | Reached XP level 5. HP: 30/39 MP: 5/11
   612 | D        | Reached XP level 6. HP: 35/46 MP: 5/12
   665 | D        | Found a deep blue altar of Sif Muna.
   667 | D        | Found a radiant altar of Vehumet.
   671 | D        | Reached skill level 10 in Unarmed Combat
   674 | D        | Became a worshipper of Sif Muna the Loreminder
   772 | D        | Found Aquwahuv's Distillery.
   772 | D        | Found a white marble altar of Elyvilon.
   772 | D        | Found a stormy altar of Qazlal.
   772 | D        | Found a burning altar of Makhleb.
   772 | D        | Found a sacrificial altar of Ru.
   772 | D        | Found an oddly glowing altar of Pakellas.
   772 | D        | Found a basalt altar of Yredelemnul.
   772 | D        | Found a glowing golden altar of the Shining One.
   772 | D        | Found a sparkling altar of Nemelex Xobeh.
   772 | D        | Found a shimmering altar of Xom.
   772 | D        | Found an opulent altar of Gozag.
   772 | D        | Found an ancient bone altar of Kikubaaqudgha.
   772 | D        | Found a glowing silver altar of Zin.
   772 | D        | Noticed a yak
   773 | D        | Found an iron altar of Okawaru.
   781 | D        | Killed a yak
   781 | D        | Reached skill level 11 in Unarmed Combat
   781 | D        | Reached skill level 5 in Spellcasting
   787 | D        | Found a bloodstained altar of Trog.
   896 | D        | Learned a level 4 spell: Ice Form
   902 | D        | Learned a level 5 spell: Blade Hands
   929 | D        | Found a snail-covered altar of Cheibriados.
   929 | D        | Found a viscous altar of Jiyva.
   929 | D        | Found a shadowy altar of Dithmenos.
   929 | D        | Found a blossoming altar of Fedhas.
   929 | D        | Noticed a slime creature
   948 | D        | Killed a slime creature
   948 | D        | Reached * piety under Sif Muna
   948 | D        | Reached skill level 10 in Transmutations
   948 | D        | Reached XP level 7. HP: 19/52 MP: 12/15
  1140 | D        | Noticed Sonja
  1148 | D        | Mangled by Sonja

Skill      XL: |  1  2  3  4  5  6 |
---------------+-------------------+-----
Dodging        | 3 5 6 |  6.6
Unarmed Combat | 5 7 9 11 | 11.7
Transmutations | 4 5 7 10 | 10.2
Fighting       | 2 3 |  3.4
Spellcasting   | 3 4 5 |  5.6

Action                   |  1- 3 |  4- 6 |  7- 9 || total
-------------------------+-------+-------+-------++-------
Melee: Unarmed           |    13 |    22 |     4 ||    39
       Headbutt          |     1 |       |       ||     1
 Cast: Beastly Appendage |     2 |     1 |       ||     3
       Sticks to Snakes  |     3 |       |       ||     3
       Spider Form       |       |     4 |       ||     4
       Ice Form          |       |       |     1 ||     1
  Use: Potion            |     1 |     1 |     1 ||     3
 Stab: Sleeping          |       |     2 |       ||     2
  Eat: Chunk             |       |     1 |     1 ||     2
Armor: Skin              |       |       |     2 ||     2
Dodge: Dodged            |     3 |     9 |    11 ||    23
